 Dungeon Crawl Stone Soup version 0.30-a0-134-gb40fab5c76 (webtiles) character file.

Game seed: 16130423719110044200

1690 zxpr0jk the Conjurer (level 8, -11/57 HPs)
             Began as a Green Draconian Conjurer on Sept 20, 2022.
             Was a Follower of Sif Muna.
             Mangled by an ogre
             ... wielding a +0 giant spiked club
              (24 damage)
             ... on level 7 of the Dungeon.
             The game lasted 00:20:16 (5837 turns).

zxpr0jk the Conjurer (Green Draconian Conjurer)     Turns: 5837, Time: 00:20:18

Health: -11/57     AC:  8    Str: 14    XL:     8   Next: 72%
Magic:  13/14      EV: 12    Int: 24    God:    Sif Muna [*.....]
Gold:   315        SH:  6    Dex: 18    Spells: 2/15 levels left

rFire   . . .      SeeInvis +    i - +11 flail of Gloom {drain, Int+4 Dex+3 SInv}
rCold   . . .      Faith    .    c - +0 buckler
rNeg    + + +      Spirit   .    (body armour unavailable)
rPois   +          Reflect  .    (helmet restricted)
rElec   +          Harm     .    u - +0 cloak
rCorr   .          Rampage  .    (no gloves)
Will    .....                    d - +0 pair of boots
Stlth   ++........               m - amulet "Jirres" {Drain rElec rN+++ Regen+ Str+3}
HPRegen 0.99/turn                q - +6 ring of dexterity
MPRegen 0.14/turn                o - ring of flight

@: flying
A: breathe noxious fumes, AC +6, unfitting armour, poison resistance,
cold-blooded
a: Breathe Noxious Fumes, Renounce Religion, Channel Magic


You were on level 7 of the Dungeon.
You worshipped Sif Muna.
Sif Muna was aware of your devotion.
You visited 2 branches of the dungeon, and saw 8 of its levels.

You collected 337 gold pieces.
You spent 22 gold pieces at shops.

Inventory:

Hand Weapons
 i - the +11 flail of Gloom (weapon) {drain, Int+4 Dex+3 SInv}
   (You found it on level 3 of the Dungeon)

   A truly terrible weapon, it drains the life of any living foe it strikes.
   Int:       It affects your intelligence (+4).
   Dex:       It affects your dexterity (+3).
   SInv:      It lets you see invisible.
Armour
 c - a +0 buckler (worn)
 d - a +0 pair of boots (worn)
 u - a +0 cloak (worn)
Jewellery
 m - the amulet "Jirres" (around neck) {Drain rElec rN+++ Regen+ Str+3}
   (You found it on level 3 of the Dungeon)

   [amulet of regeneration]

   Str:       It affects your strength (+3).
   rElec:     It insulates you from electricity.
   rN:        It renders you almost immune to negative energy.
   Regen:     It increases your rate of health regeneration.
   Drain:     It drains your maximum health when unequipped.
 o - a ring of flight (right hand)
 q - a +6 ring of dexterity (left hand)
 y - a +6 ring of intelligence
Wands
 t - a wand of paralysis (8)
 x - a wand of roots (9)
Scrolls
 b - 4 scrolls of summoning {unknown}
 e - 2 scrolls of poison {unknown}
 f - a scroll of immolation {unknown}
 g - 2 scrolls of magic mapping {unknown}
 k - a scroll of torment {unknown}
 l - 2 scrolls of noise {unknown}
 n - a scroll of teleportation {unknown}
 v - a scroll of enchant weapon {unknown}
 z - a scroll of vulnerability {unknown}
Potions
 a - a potion of magic
 h - a potion of resistance
 j - a potion of berserk rage
 p - 2 potions of curing
 r - a potion of heal wounds {unknown}
 w - 2 potions of flight {unknown}
 A - 3 potions of mutation {unknown}


   Skills:
 - Level 2.7 Dodging
 - Level 2.9 Stealth
 - Level 6.4 Shields
 - Level 4.0 Spellcasting
 - Level 6.4 Conjurations
 + Level 5.5 Invocations


You had 2 spell levels left.
You knew the following spells:

 Your Spells              Type           Power      Damage    Failure   Level
a - Magic Dart            Conj           100%       1d8       1%          1
b - Dazzling Flash        Conj/Hex       40%        N/A       10%         3
c - Apportation           Tloc           8%         N/A       12%         1
d - Fireball              Conj/Fire      10%        3d6       65%         5
e - Inner Flame           Hex/Fire       4%         N/A       36%         3

Your spell library contained the following spells:

 Spells                   Type           Power      Damage    Failure   Level
 Searing Ray              Conj           72%        2d7       1%          2
 Necrotise                Necr           16%        1d4       12%         1
 Summon Small Mammal      Summ           16%        N/A       12%         1
 Fulminant Prism          Conj/Hex       10%        3d9       32%         4
 Iskenderun's Mystic Bla  Conj/Tloc      20%        2d6       32%         4
 Call Canine Familiar     Summ           4%         N/A       36%         3
 Frozen Ramparts          Ice            8%         1d2       36%         3
 Summon Guardian Golem    Hex/Summ       4%         N/A       36%         3
 Cause Fear               Hex            2%         N/A       77%         4
 Ice Form                 Ice/Tmut       4%         N/A       77%         4
 Summon Ice Beast         Ice/Summ       4%         N/A       77%         4
 Starburst                Conj/Fire      10%        6d5       99%         6
 Discord                  Hex            2%         N/A       100%        8
 Ignition                 Fire           2%         3d3       100%        8


Dungeon Overview and Level Annotations

Branches:
Dungeon (7/15)             Temple (1/1) D:4

Altars:
Ashenzari
Cheibriados
Dithmenos
Elyvilon
Fedhas
Gozag
Kikubaaqudgha
Makhleb
Nemelex Xobeh
Okawaru
Qazlal
Ru
Sif Muna
Trog
Uskayaw
Vehumet
Wu Jian
Xom
Yredelemnul
Zin

Shops:
D:1 *

Annotations:
D:3 Natasha


Innate Abilities, Weirdness & Mutations

You can breathe blasts of noxious fumes.
Your lurid green scales are hard. (AC +6)
You cannot fit into any form of body armour.
Your system is resistant to poisons. (rPois)
You are cold-blooded and may be slowed by cold attacks.


Message History

You destroy the wight!
Sif Muna accepts your kill.
No target in view!
No target in view!
Things that are here:
a +2 scimitar of freezing; a +0 robe
Things that are here:
a +0 falchion; a +0 robe You now have 315 gold pieces (gained 23).
Things that are here:
a +0 falchion; a +0 robe
Things that are here:
a +2 scimitar of freezing; a +0 robe An ogre comes into view.
It is wielding a +0 giant spiked club.
There is a stone staircase leading down here.
The ogre shouts!
The ogre hits you with a +0 giant spiked club!!
You sock the ogre!
You tail-slap the ogre, but do no damage.
The ogre is heavily wounded.
The ogre barely misses you.
You hit the ogre. You tail-slap the ogre.
The ogre is severely wounded.
The ogre barely misses you.
You hit the ogre.
The ogre is almost dead.
The ogre hits you with a +0 giant spiked club!!
* * * LOW HITPOINT WARNING * * *
You are too injured to fight recklessly!
You are too injured to fight recklessly!
You are too injured to fight recklessly!
Casting: Fireball (extremely dangerous; 65% risk of failure)
Confirm with . or Enter, or press ? or * to list all spells.
Aiming: Magic Dart (safe; 1% risk of failure)
Press: ? - help, Shift-Dir - straight line, f - ogre
Aim: an ogre, wielding a +0 giant spiked club (severely wounded, 100% to hit)
The magic dart hits the ogre.
The ogre is almost dead.
The ogre hits you with a +0 giant spiked club!!
You die...

#.......##.# #..#
##.####.##.# #..# #.#
#.##.# #..# #.# #.##.#
#..#### #.# #.##.#
#...... .#.####.##.#
#.##### ...........#
#.#
........###############
#.# #######.#
#.>@O.....# #.# # #.#
#.#######.# #.# # #.#
#.# #.##### #.# #.#
#...... #.# #)# #######
#.#####)### #...))....#
#.#####.#.# #.# #.#.#


You could see an ogre.

Vanquished Creatures
  The ghost of bchevrier the Cleaver, a novice GnWn of Vehumet (D:5)
  Menkaure (D:7)
  An orc warrior (D:5)
  A black bear (D:6)
  An ogre (D:4)
  2 kobold brigands
  2 scorpions
  5 wights (D:7)
  3 quasits (D:5)
  2 orc priests (D:5)
  A hound (D:5)
  2 iguanas
  2 orc wizards
  Natasha (D:3)
  Robin (D:2)
  4 gnolls (D:5)
  4 adders
  A white imp (D:5)
  A worm (D:3)
  2 dart slugs
  18 orcs
  9 ball pythons
  5 endoplasms
  A giant cockroach (D:1)
  14 goblins
  9 hobgoblins
  5 jackals (D:2)
  15 kobolds
  4 quokkas
  7 bats
  A frilled lizard (D:1)
  8 rats
134 creatures vanquished.

Notes
Turn   | Place    | Note
-------+----------+-------------------------------------------
     0 | D:1      | zxpr0jk the Draconian Conjurer began the quest for the Orb.
     0 | D:1      | Reached XP level 1. HP: 14/14 MP: 3/3
   303 | D:1      | Reached XP level 2. HP: 20/20 MP: 3/5
   506 | D:1      | Found Zetoiloi's General Store.
   859 | D:1      | Bought a scroll of identify for 22 gold pieces
  1203 | D:2      | Reached XP level 3. HP: 26/26 MP: 4/6
  1275 | D:2      | Learned a level 3 spell: Dazzling Flash
  1720 | D:2      | Reached XP level 4. HP: 33/33 MP: 4/7
  2071 | D:2      | Noticed Robin
  2169 | D:2      | Killed Robin
  2432 | D:3      | Noticed Natasha
  2440 | D:3      | Killed Natasha
  2601 | D:3      | Noticed Natasha
  2686 | D:3      | Identified the amulet "Jirres" {Drain rElec rN+++ Regen+
                  | Str+3}
  2966 | D:3      | Reached XP level 5. HP: 38/38 MP: 3/9
  3053 | D:3      | Found a faded altar of an unknown god.
  3161 | D:3      | Identified the +11 flail of Gloom {drain, Int+4 Dex+3 SInv}
  3183 | D:3      | Found an iron altar of Okawaru.
  3183 | D:3      | Found a blossoming altar of Fedhas.
  3190 | D:3      | Found a broken altar of Ashenzari.
  3192 | D:3      | Found a snail-covered altar of Cheibriados.
  3194 | D:3      | Found a sacrificial altar of Ru.
  3577 | D:4      | Noticed an ogre
  3637 | D:4      | Learned a level 1 spell: Apportation
  3707 | D:4      | Killed an ogre
  3708 | D:4      | Reached skill level 5 in Conjurations
  3886 | D:4      | Found a staircase to the Ecumenical Temple.
  3983 | Temple   | Entered the Ecumenical Temple
  4004 | Temple   | Became a worshipper of Sif Muna the Loreminder
  4299 | D:4      | Reached XP level 6. HP: 43/45 MP: 7/11
  4420 | D:5      | Entered Level 5 of the Dungeon
  4420 | D:5      | Noticed an orc warrior
  4546 | D:5      | Killed an orc warrior
  4592 | D:5      | Found a transporter.
  4597 | D:5      | Noticed bchevrier's ghost (novice GnWn)
  4634 | D:5      | Reached skill level 1 in Shields
  4634 | D:5      | Your scales start taking on a lurid green colour.
  4634 | D:5      | Reached XP level 7. HP: 39/50 MP: 13/13
  4634 | D:5      | Gained mutation: Your system is resistant to poisons.
                  | (rPois) [Green Draconian growth]
  4676 | D:5      | Found a radiant altar of Vehumet.
  4724 | D:5      | Found a transporter.
  5189 | D:5      | Killed bchevrier's ghost
  5190 | D:5      | Reached skill level 5 in Shields
  5190 | D:5      | Reached XP level 8. HP: 21/57 MP: 14/14
  5354 | D:6      | Reached * piety under Sif Muna
  5465 | D:6      | You are sucked into a shaft and drop 1 floor!
  5500 | D:7      | Reached skill level 1 in Invocations
  5529 | D:7      | Learned a level 5 spell: Fireball
  5533 | D:7      | Learned a level 3 spell: Inner Flame
  5750 | D:7      | Noticed Menkaure
  5753 | D:7      | Killed Menkaure
  5809 | D:7      | Reached skill level 5 in Invocations
  5837 | D:7      | Mangled by an ogre

Illustrated notes

Levels and vault maps discovered:
D:1:      mrwooster_arrival_statue_2, layout_loops_ring, serial_shops,
          nicolae_shop_waterfront
D:2:      layout_loops_ring, uniq_robin
D:3:      layout_basic, chequers_temple_overflow_minitemple, serial_glass,
          glass_columns_b, glass_columns_a, glass_columns_b, glass_columns_c,
          glass_columns_c, glass_columns_c, dilly_ecumenical_altar_fadedgnrine,
          uniq_natasha
D:4:      layout_basic, minmay_temple_entry_overgrown, minivault_24
D:5:      layout_basic, vehumet_altar_wand_db, gammafunk_ghost_stat_death,
          nrook_mini_backslash, grunt_decor_resistance,
          hangedman_decor_riveting, dreamdust_princess_bridge,
          minmay_misc_feat_five
D:6:      lemuel_ratsnest, layout_loops_ring, ebering_dispersal_statue_hall,
          chequers_serial_rivers_micro_e
D:7:      layout_loops_ring, uniq_joseph, uniq_menkaure
Temple:   eino_temple_water

Skill      XL: |  1  2  3  4  5  6  7  8 |
---------------+-------------------------+-----
Stealth        | 2 |  2.9
Dodging        | 2 |  2.7
Spellcasting   | 3 4 |  4.0
Conjurations   | 5 6 |  6.4
Shields        | 1 5 6 |  6.4
Invocations    | 5 |  5.5

Action                   |  1- 3 |  4- 6 |  7- 9 || total
-------------------------+-------+-------+-------++-------
Melee: Unarmed           |    15 |     2 |       ||    17
       Tailslap          |     2 |     4 |    12 ||    18
       Flail             |       |    34 |   110 ||   144
 Cast: Magic Dart        |    71 |    83 |     2 ||   156
       Dazzling Flash    |       |     3 |     1 ||     4
 Abil: Breathe Noxious F |       |       |     2 ||     2
Evoke: Wand              |       |       |     2 ||     2
  Use: Potion            |       |     1 |     1 ||     2
       Scroll            |       |     3 |       ||     3
 Stab: Invisible         |       |     1 |     1 ||     2
       Sleeping          |       |       |     2 ||     2
Armor: Skin              |     8 |    13 |    73 ||    94
Dodge: Dodged            |    20 |    34 |   108 ||   162
Block: Buckler           |       |       |    36 ||    36

Table legend: (Time is in decaauts)
 A = Elapsed time spent in this place.
 B = Non-inter-level travel time spent in this place.
 C = Inter-level travel time spent in this place.
 D = Time resting spent in this place.
 E = Time spent auto-exploring this place.
 F = Levels seen in this place.
 G = Mean time per level.
                   A        B        C        D        E       F      G
               +--------+--------+--------+--------+--------+-----+--------+
         Total |   5893 |   5642 |    251 |    217 |   4337 |   8 |  736.6 |
       Dungeon |   5661 |   5421 |    240 |    217 |   4148 |   7 |  808.7 |
        Temple |    231 |    221 |     10 |      0 |    189 |   1 |  231.0 |
               +--------+--------+--------+--------+--------+-----+--------+

Top non-repeatable levels by time:
     D:2: 1294 daAuts
     D:3: 1174 daAuts
     D:1: 1137 daAuts
     D:5: 816 daAuts
     D:4: 626 daAuts
     D:7: 390 daAuts
  Temple: 231 daAuts
     D:6: 221 daAuts
